 Dungeon Crawl Stone Soup version 0.30.1-4-g462c640d31 (webtiles) character file.

Game seed: 10135520641184837418

84 CaptainMV the Slasher (level 4, -1/32 HPs)
             Began as a Demonspawn Wanderer on Aug 16, 2023.
             Killed from afar by an orc wizard (7 damage)
             ... with a magic dart
             ... on level 3 of the Dungeon.
             The game lasted 00:14:01 (1674 turns).

CaptainMV the Slasher (Demonspawn Wanderer)         Turns: 1674, Time: 00:14:02

Health: -1/32      AC:  4    Str: 10    XL:     4   Next: 24%
Magic:  5/5        EV: 17    Int: 10    God:
Gold:   142        SH:  0    Dex: 20    Spells: 5/5 levels left

rFire   . . .        a - +0 falchion
rCold   . . .        (no shield)
rNeg    . . .        f - +0 robe
rPois   .            (helmet restricted)
rElec   .            (no cloak)
rCorr   .            l - +0 pair of gloves
SInv    .            d - +0 pair of boots
Will    .....        r - amulet of reflection
Stlth   +            i - +5 ring of evasion
HPRegen 0.25/turn    (no ring)
MPRegen 0.18/turn

%: reflection
@: confused
A: antennae 1, powered by death 1, magic regeneration
a: no special abilities


You were on level 3 of the Dungeon.
You visited 1 branch of the dungeon, and saw 3 of its levels.

You collected 142 gold pieces.

Inventory:

Hand Weapons
 a - a +0 falchion (weapon)
 b - a +2 dagger of speed
Missiles
 k - 5 boomerangs (quivered)
 q - 6 poisoned darts
Armour
 d - a +0 pair of boots (worn)
 f - a +0 robe (worn)
 l - a +0 pair of gloves (worn)
Jewellery
 i - a +5 ring of evasion (left hand)
 r - an amulet of reflection (around neck)
 t - an amulet of magic regeneration
Wands
 p - a wand of quicksilver (5)
Scrolls
 c - 2 scrolls of blinking
 e - 2 scrolls of fear
 m - a scroll of magic mapping
Potions
 g - a potion of flight
 h - a potion of invisibility
 j - 2 potions of mutation
 n - 2 potions of brilliance
 o - a potion of magic {unknown}
 s - 2 potions of degeneration
 u - a potion of lignification {unknown}


   Skills:
 + Level 1.3 Fighting
 + Level 0.1(1.7) Short Blades
 + Level 2.9(3.0) Long Blades
 + Level 1.1 Throwing
 + Level 1.0 Armour
 + Level 1.5 Dodging
 + Level 1.3 Stealth
 + Level 2.1 Unarmed Combat
 + Level 1.2 Spellcasting
 + Level 1.0 Evocations


You had 5 spell levels left.
You didn't know any spells.
Your spell library contained the following spells:

 Spells                   Type           Power      Damage    Failure   Level
 Tukima's Dance           Hex            0%         N/A       71%         3
 Vhi's Electric Charge    Tloc/Air       0%         N/A       71%         3
 Passage of Golubria      Tloc           0%         N/A       98%         4
 Arcjolt                  Conj/Air       0%         1d10      100%        5
 Yara's Violent Unravell  Hex/Tmut       0%         3d3       100%        5
 Simulacrum               Ice/Necr       0%         N/A       100%        6
 Ozocubu's Refrigeration  Ice            0%         4d7       100%        7
 Maxwell's Capacitive Co  Air            0%         ∞         100%        8
 Polar Vortex             Ice            0%         N/A       100%        9


Dungeon Overview and Level Annotations

Branches:
Dungeon (3/15)

Altars:


Innate Abilities, Weirdness & Mutations

You have a pair of small antennae on your head.
You regenerate a little health from kills.
You regenerate magic rapidly.


Message History

You barely miss the orc. The orc hits you but does no damage.
You hit the orc.
The orc is heavily wounded.
You block the orc's attack. The orc hits you with a +0 dagger.
The orc wizard hits you with a +0 dagger.
You barely miss the orc.
The orc is heavily wounded.
The orc closely misses you. The orc hits you with a +0 whip.
The orc wizard misses you.
You barely miss the orc.
The orc is heavily wounded.
The orc closely misses you.
The orc wizard hits you with a +0 dagger.
You completely miss the orc wizard. The orc wizard closely misses you.
The orc hits you with a +0 dagger. You block the orc wizard's attack.
The orc hits you with a +0 whip. You block the orc's attack.
The orc hits you with a +0 dagger.
The orc wizard points at you and mumbles some strange words.
You are confused.
The orc wizard gestures at you while chanting.
You resist with some effort. The orc hits you with a +0 dagger.
The orc wizard gestures at you while chanting.
You resist with some effort.
You slash the orc wizard!
The orc wizard is heavily wounded.
The orc hits you but does no damage. The orc closely misses you.
The orc wizard hits you with a +0 dagger.
The orc wizard closely misses you. The orc attacks as you move away!
The orc barely misses you. The orc wizard closely misses you.
The orc wizard gestures at you while chanting.
The magic dart hits you!
* * * LOW HITPOINT WARNING * * *
The orc wizard attacks as you move away!
The orc wizard barely misses you. The orc barely misses you.
The orc closely misses you.
The orc wizard points at you and mumbles some strange words.
The magic dart hits you!
You die...

......#...#.
........#..........#...#.
........+... #.#....)#.
.>......#..# #.#.......
...........#+#+#.#....#..
.........#......#.####..
#####.............#.# #..
#.................#.####†.
+......o.@................
#......ooo...#...........#
#............#..÷........#
#............#......####..
...:.........#...##)##.+..
.............#...##'##'#..
..........................
....##....<...............
.... #....................


You could see 2 orc wizards and 2 orcs.

Vanquished Creatures
  2 adders
  2 worms
  2 orcs (D:3)
  5 ball pythons
  An endoplasm (D:1)
  4 giant cockroaches
  6 goblins
  4 hobgoblins
  8 jackals
  A quokka (D:1)
  5 bats
  5 frilled lizards
  8 kobolds
  4 rats
57 creatures vanquished.

Notes
Turn   | Place    | Note
-------+----------+-------------------------------------------
     0 | D:1      | CaptainMV the Demonspawn Wanderer began the quest for the
                  | Orb.
     0 | D:1      | CaptainMV set off with the following items: a +0 falchion,
                  | a potion of invisibility, a scroll of blinking, a +0 pair
                  | of boots, a scroll of fear, a +0 robe.
     0 | D:1      | Reached XP level 1. HP: 15/15 MP: 2/2
   103 | D:1      | Gained mutation: You regenerate magic rapidly. [demonic
                  | ancestry]
   103 | D:1      | Reached XP level 2. HP: 19/21 MP: 3/3
   728 | D:2      | Gained mutation: You regenerate a little health from kills.
                  | [demonic ancestry]
   728 | D:2      | Reached XP level 3. HP: 26/26 MP: 4/4
   859 | D:2      | Reached skill level 1 in Stealth
  1307 | D:3      | Gained mutation: You have a pair of small antennae on your
                  | head. [demonic ancestry]
  1307 | D:3      | Reached XP level 4. HP: 28/32 MP: 5/5
  1674 | D:3      | Killed from afar by an orc wizard

Illustrated notes

Levels and vault maps discovered:
D:1:      dpeg_arrival_renting, layout_basic, st_stairs_2
D:2:      layout_basic, minmay_fractal_squares_gapless_5
D:3:      layout_basic, ebering_ecumenical_altar_petrified,
          kennysheep_another_room

Skill      XL: |  1  2  3 |
---------------+----------+-----
Long Blades    | 2 |  2.9
Unarmed Combat | 2 |  2.1
Stealth        | 1 |  1.3
Fighting       | |  1.3
Short Blades   | |  0.1
Throwing       | |  1.1
Armour         | |  1.0
Dodging        | |  1.5
Spellcasting   | |  1.2
Evocations     | |  1.0

Action                     |  1- 3 |  4- 6 || total
---------------------------+-------+-------++-------
  Melee: Falchion          |    83 |    47 ||   130
         Punch             |     3 |       ||     3
         Dagger            |    20 |       ||    20
  Throw: Boomerang         |     5 |       ||     5
    Use: Scroll            |     8 |     1 ||     9
         Potion            |     1 |       ||     1
   Stab: Sleeping          |    10 |       ||    10
         Distracted        |     1 |       ||     1
 Armour: Robe              |    24 |    15 ||    39
  Dodge: Dodged            |    62 |    76 ||   138
  Block: Other             |     6 |    18 ||    24
